 Dungeon Crawl Stone Soup version 0.17-a0-1945-gfe993df (webtiles) character file.

780 Ordine the Skirmisher (level 7, -1/53 HPs)
             Began as an Octopode Fighter on Oct 1, 2015.
             Slain by Grinder (6 damage)
             ... while paralysed by Grinder
             ... on level 5 of the Dungeon.
             The game lasted 00:14:32 (3740 turns).

Ordine the Skirmisher (Octopode Fighter)            Turns: 3740, Time: 00:14:32

Health: -1/53      AC:  6    Str: 16    XL:     7   Next: 85%
Magic:  7/7        EV:  2    Int: 10    God:
Gold:   294        SH:  0    Dex: 14    Spells: 0 memorised, 6 levels left

rFire  . . .     SeeInvis .     a - +1 long sword
rCold  . . .     Clarity  +     b - +1 shield
rNeg   . . .     SustAt   .     (helmet restricted)
rPois  .         Gourm    .     (no amulet)
rElec  .         Spirit   .     (no ring)
rCorr  .         Warding  .     (no ring)
rMut   .         Stasis   .     (no ring)
MR     .....                    (no ring)
Stlth  ++........               (no ring)
                                (no ring)
                                (no ring)
                                (no ring)

@: paralysed, not resistant to hostile enchantments, unstealthy
A: almost no armour, amphibious, 8 rings, constrict 8, icy blue scales 1, rough
black scales 1, camouflage 1, agile 1, clarity, wild magic 1, gelatinous body 1
a: no special abilities


You were on level 5 of the Dungeon.
You were not hungry.

You visited 1 branch of the dungeon, and saw 5 of its levels.

You collected 294 gold pieces.

Inventory:

Hand weapons
 a - a +1 long sword (weapon)
 g - a +3 dagger
Armour
 b - a +1 shield (worn)
Magical staves
 j - an uncursed staff of summoning
Jewellery
 k - an uncursed ring of invisibility
Magical devices
 l - a wand of magic darts (19)
Scrolls
 e - 6 scrolls of teleportation
Potions
 c - a potion of might
 h - a potion of haste
 m - a potion of resistance
 o - a potion of brilliance
 r - a potion of poison {unknown}
Comestibles
 d - 5 bread rations
 f - 2 fruits
 i - 3 meat rations
 n - 4 chunks of flesh


   Skills:
 + Level 6.6 Fighting
 + Level 6.3 Long Blades
 - Level 3.0 Dodging
 - Level 3.0 Shields


You had 6 spell levels left.
You didn't know any spells.

Dungeon Overview and Level Annotations

Branches:
Dungeon (5/15)
 Temple: D:4-7

Altars:
Makhleb
The Shining One

Annotations:
D:5 Grinder


Innate Abilities, Weirdness & Mutations

You cannot wear most types of armour.
You are amphibious.
You can wear up to eight rings at the same time.
You can use your tentacles to constrict eight enemies at once.
Your skin changes colour to match your surroundings (Stealth).
Your rubbery body absorbs attacks (AC +1).
You are partially covered in icy blue scales (AC +1).
You are partially covered in rough black scales (AC +4, Dex -1).
You are agile. (Dex +2)
You possess an exceptional clarity of mind.
Your spells are a little harder to cast, but a little more powerful.


Message History

You barely miss Grinder. You squeeze Grinder.
Grinder is severely wounded.
You constrict Grinder. Grinder gestures at you.
You struggle to resist.
You hit Grinder. You squeeze Grinder, but do no damage.
Grinder is almost dead.
You constrict Grinder. Grinder gestures at you.
You suddenly lose the ability to move!
You lose your grip on Grinder.
Grinder hits you!
You writhe in agony.
You writhe in agony.
Grinder hits you!
* * * LOW HITPOINT WARNING * * *
You writhe in agony. x2
Grinder hits you but does no damage. x2
Grinder hits you.
* * * LOW HITPOINT WARNING * * *
You writhe in agony. x2
Grinder hits you.
You die...

.............##.#
....#...............#..#
....#............#.....#
.................#######
........................
.................#######
..............>.....#
.................##.#
#....5@......#####.#
#.######.....# #.#
#.....# #.# #.....# #.#
#.....# #.# #.....# #.#
##.#### #.# #.#


You could see Grinder.

Vanquished Creatures
  An ice beast (D:4)
  2 phantoms
  The ghost of aves the Chopper, an average VSFi (D:3)
  A scorpion (D:4)
  2 orc priests
  A jelly (D:5)
  An orc wizard (D:4)
  2 hounds
  An iguana (D:5)
  A worker ant (D:4)
  7 adders
  A shadow imp (D:5)
  2 oozes
  An adder skeleton (D:4)
  3 worms
  5 giant geckos
  17 orcs
  3 giant cockroaches
  7 goblins
  5 hobgoblins
  8 kobolds
  2 quokkas
  2 ball pythons
  9 bats
  A giant gecko skeleton (D:4)
  A giant gecko zombie (D:5)
  4 giant newts
  12 jackals
  10 rats
113 creatures vanquished.

Notes
Turn   | Place    | Note
--------------------------------------------------------------
     0 | D:1      | Ordine the Octopode Fighter began the quest for the Orb.
     0 | D:1      | Reached XP level 1. HP: 16/16 MP: 1/1
   138 | D:1      | Reached XP level 2. HP: 15/21 MP: 2/2
   366 | D:1      | Reached XP level 3. HP: 18/26 MP: 3/3
   817 | D:2      | Reached XP level 4. HP: 28/33 MP: 4/4
  1133 | D:2      | Reached skill level 4 in Fighting
  1433 | D:3      | Noticed aves's ghost (average VSFi)
  1529 | D:3      | Reached XP level 5. HP: 25/38 MP: 5/5
  1543 | D:3      | Killed aves's ghost
  1587 | D:3      | Found a glowing golden altar of the Shining One.
  1987 | D:4      | Reached skill level 5 in Fighting
  1987 | D:4      | Reached XP level 6. HP: 40/45 MP: 6/6
  2062 | D:4      | Noticed an ice beast
  2071 | D:4      | Killed an ice beast
  2071 | D:4      | Reached skill level 5 in Long Blades
  2431 | D:4      | Noticed a phantom
  2462 | D:4      | Killed a phantom
  2462 | D:4      | Reached XP level 7. HP: 41/51 MP: 7/7
  2757 | D:4      | Reached skill level 6 in Fighting
  2872 | D:5      | Entered Level 5 of the Dungeon
  3405 | D:5      | Found a burning altar of Makhleb.
  3676 | D:5      | Gained mutation: You are partially covered in rough black scales (AC +4, Dex -1). [potion of mutation]
  3676 | D:5      | Gained mutation: Your spells are a little harder to cast, but a little more powerful. [potion of mutation]
  3676 | D:5      | Gained mutation: You possess an exceptional clarity of mind. [potion of mutation]
  3677 | D:5      | Gained mutation: You are agile. (Dex +2) [potion of mutation]
  3677 | D:5      | Gained mutation: You are partially covered in icy blue scales (AC +1). [potion of mutation]
  3725 | D:5      | Noticed Grinder
  3726 | D:5      | Paralysed by Grinder for 5 turns
  3734 | D:5      | Paralysed by Grinder for 7 turns
  3740 | D:5      | Slain by Grinder

Vault maps used:
D:1:      shiori_shiawase, minmay_crystal_water
D:3:      tso_metal_star
D:4:      hangedman_decor_points
D:5:      led_xom_imps, nicolae_overflow_crystal_walls,
          overflow_temple_1_default, lemuel_doored_altar, first_bread,
          minmay_fountain_box, uniq_grinder

Action                   |  1- 3 |  4- 6 |  7- 9 || total
-------------------------+-------+-------+-------++-------
Melee: Long sword        |    51 |    90 |    90 ||   231
  Use: Scroll            |     3 |     6 |     4 ||    13
       Potion            |       |     2 |     3 ||     5
 Stab: Sleeping          |    12 |     5 |     3 ||    20
  Eat: Chunk             |       |     4 |     5 ||     9
